 Dungeon Crawl Stone Soup version 0.32-a0-560-g4c7f4391e0 (webtiles) character file.

Game seed: 1875753353761837962

58958 audacious124 the Bludgeoner (level 14, -1/133 HPs)
             Began as a Mountain Dwarf Monk on Feb 28, 2024.
             Was a High Priest of Beogh.
             Slain by Orcesus the orc apostle
             ... wielding a +2 dire flail of holy wrath
              (20 damage)
             ... on level 2 of the Orcish Mines on Feb 29, 2024.
             The game lasted 01:02:32 (20114 turns).

audacious124 the Bludgeoner (Mountain Dwarf Monk)  Turns: 20114, Time: 01:02:33

Health: -1/133     AC: 26    Str: 20    XL:     14   Next: 51%
Magic:  19/19      EV: 13    Int: 16    God:    Beogh [*****.]
Gold:   606        SH: 15    Dex: 12    Spells: 13/13 levels left

rFire   . . .        x - +7 mace
rCold   . . .        H - +4 kite shield {AC+3}
rNeg    . . .        c - +3 ring mail of Kiwurinu {rPois Will++}
rPois   +            a - +2 helmet
rElec   +            M - +1 cloak of Indemnity {rElec rF- Int+4 Stlth+}
rCorr   .            n - +1 pair of gloves
SInv    .            N - +2 pair of boots
Will    +++..        (no amulet)
Stlth   ++           C - ring of Ribbunk {rElec rF+ Str+2}
HPRegen 0.42/turn    (no ring)
MPRegen 0.16/turn

%: no passive effects
@: no status effects
A: walk on water, runic magic, artefact enchanting, iridescent scales 1
a: Renounce Religion, Smiting, Recall Apostles, Blood for Blood, Dismiss
Morguth, warrior, Dismiss Bogward, priest, Dismiss Bogdar, warrior


You were on level 2 of the Orcish Mines.
You worshipped Beogh.
Beogh was extremely pleased with you.
You visited 3 branches of the dungeon, and saw 17 of its levels.
You also visited: Gauntlet.

You collected 1081 gold pieces.
You spent 475 gold pieces at shops.

Inventory:

Hand Weapons
 u - a +1 flail of protection
 x - a +7 mace (weapon)
Missiles
 s - 2 throwing nets (quivered)
Armour
 a - a +2 helmet (worn)
 c - the +3 ring mail of Kiwurinu (worn) {rPois Will++}
   (You found it on level 2 of the Lair of Beasts)

   rPois:     It protects you from poison Will++: It greatly increases your
   willpower.
 n - a +1 pair of gloves (worn)
 H - a +4 kite shield of protection (worn)
 M - the +1 cloak of Indemnity (worn) {rElec rF- Int+4 Stlth+}
   (You found it in a Gauntlet)

   Int+4:     It affects your intelligence (+4).
   rF-:       It makes you vulnerable to fire.
   rElec:     It insulates you from electricity.
   Stlth+:    It makes you more stealthy.
 N - a +2 pair of boots (worn)
Jewellery
 e - an amulet of guardian spirit
 p - a ring of ice
 r - a ring of ice
 y - an amulet of magic regeneration
 C - the ring of Ribbunk (left hand) {rElec rF+ Str+2}
   (You bought it in a shop on level 1 of the Dungeon)

   [ring of protection from fire]

   Str+2:     It affects your strength (+2).
   rF+:       It protects you from fire.
   rElec:     It insulates you from electricity.
Wands
 t - a wand of mindburst (28)
 v - a wand of flame (20)
 w - a wand of polymorph (17)
 I - a wand of charming (7)
 K - a wand of iceblast (4)
Scrolls
 d - 2 scrolls of identify
 h - 5 scrolls of teleportation
 i - 3 scrolls of enchant weapon
 m - 2 scrolls of fear
 A - a scroll of revelation
 D - 2 scrolls of fog
 G - a scroll of amnesia
Potions
 j - 2 potions of enlightenment
 l - a potion of haste
 q - 2 potions of cancellation
 E - a potion of resistance
 J - a potion of brilliance
Miscellaneous
 g - a phantom mirror
 L - a lightning rod (4/4)


   Skills:
 + Level 14.3 Fighting
 - Level 17.0 Maces & Flails
 + Level 8.8 Armour
 + Level 9.5 Dodging
 * Level 10.2 Shields
 * Level 6.9 Invocations


You had 13 spell levels left.
You didn't know any spells.
Your spell library contained the following spells:

 Spells                   Type           Power      Damage    Failure   Level
 Freeze                   Ice            0%         1d3       47%         1
 Shock                    Conj/Air       0%         1d3       47%         1
 Ensorcelled Hibernation  Hex/Ice        0%         N/A       63%         2
 Frozen Ramparts          Ice            0%         1d1       85%         3
 Gell's Gravitas          Tloc           0%         N/A       85%         3
 Hailstorm                Conj/Ice       0%         3d5       85%         3
 Passwall                 Erth           0%         N/A       85%         3
 Summon Ice Beast         Ice/Summ       0%         N/A       85%         3
 Swiftness                Air            0%         N/A       85%         3
 Teleport Other           Tloc           0%         N/A       85%         3
 Volatile Blastmotes      Fire/Tloc      0%         2d10      85%         3
 Airstrike                Air            0%         2d(0-16)  99%         4
 Fulminant Prism          Conj/Alch      0%         3d5       99%         4
 Iskenderun's Mystic Bla  Conj/Tloc      0%         2d3       99%         4
 Dispersal                Tloc           0%         N/A       100%        6
 Sculpt Simulacrum        Ice/Alch       0%         N/A       100%        6


Dungeon Overview and Level Annotations

Branches:
Dungeon (10/15)            Temple (0/1) D:7            Lair (5/5) D:9
 Shoals (0/4) Lair:3        Snake (0/4) Lair:3        Slime (0/5) Lair:4
    Orc (2/2) D:10        Gauntlet (visited)
    Elf: Orc:2

Altars:
Okawaru
Trog
Wu Jian
Zin
Jiyva
Lugonu

Shops:
D:1 =   D:3 !   D:4 !   D:5 (   D:8 :

Portals:
Abyss: Lair:5

Annotations:
Lair:2 2 transporters, jamsaran's ghost, journeyman DgAl
Lair:3 2 transporters, exclusion: oklob plant, Pooter's ghost, journeyman MiBe
Lair:4 exclusion: 3 oklob plants


Innate Abilities, Weirdness & Mutations

You can walk on water.
Your facial features are unmistakably orcish.
Your spellcasting is much less encumbered by armour.
You can use scrolls of enchantment on lesser artefacts.
You are partially covered in iridescent scales. (AC +2)


Message History

You block Orcesus's attack.
You closely miss Orcesus.
Orcesus is severely wounded.
You block the orc warrior's attack. You block Orcesus's attack.
You sock Orcesus!
Orcesus is severely wounded.
You block the orc warrior's attack. You block Orcesus's attack.
You closely miss Orcesus.
Orcesus is severely wounded.
You block the orc warrior's attack. You block Orcesus's attack.
You sock Orcesus!
Orcesus is severely wounded.
You block the orc warrior's attack.
You sock Orcesus!
Orcesus is almost dead.
Orcesus hits you with a +2 dire flail of holy wrath.
* * * LOW HITPOINT WARNING * * *
You hit Orcesus but do no damage.
Orcesus is almost dead.
You block the orc warrior's attack. You block Orcesus's attack.
You hit Orcesus but do no damage.
Orcesus is almost dead.
You block the orc warrior's attack. You block Orcesus's attack.
You closely miss Orcesus.
Orcesus is almost dead.
The orc warrior closely misses you.
You thump Orcesus!
Orcesus is almost dead.
You block Orcesus's attack.
The orc warrior hits you but does no damage.
You hit Orcesus but do no damage.
Orcesus is almost dead.
Orcesus hits you with a +2 dire flail of holy wrath!
* * * LOW HITPOINT WARNING * * *
You completely miss Orcesus.
Orcesus is almost dead.
You block the orc warrior's attack.
Orcesus hits you with a +2 dire flail of holy wrath!!
You die...
Beogh appreciates Orcesus's killing of a heretic priest.

#...............##
###................##
##.........##........##
##..........###........#
##.......<.### ##........
##........### #........
#.........#### ###........
###......oo..###..........
#........@...##..........
###....................#.
###................#.#
#................####
####............#.#
#...........####
##...........#
#.<.......### ##.......##


You could see Orcesus the orc apostle (divinely empowered) and an orc warrior
(strong).

Vanquished Creatures
  An orc warlord (Orc:1)
  A minotaur (Gauntlet)
  Josephine (Lair:5)
  4 hydras
  2 ogre magi (Orc:2)
  A boulder beetle (Lair:3)
  A two-headed ogre (Orc:2)
  3 thrashing horrors (Lair:5)
  A fire crab (Gauntlet)
  A harpy (Lair:3)
  2 large abominations (Lair:5)
  A kobold blastminer (Orc:1)
  4 black mambas
  10 cane toads
  3 rime drakes
  7 komodo dragons
  A troll (shapeshifter) (Lair:5)
  2 polar bears
  A raiju (Lair:5)
  11 blink frogs (Lair:5)
  A spriggan (Lair:5)
  Sigmund (D:2)
  5 wraiths (Lair:5)
  37 yaks
  2 ynoxinuls (Lair:5)
  Eustachio (D:6)
  6 basilisks
  2 fire bats (Gauntlet)
  A wyvern (Lair:2)
  A warg (Orc:1)
  A steam dragon (D:8)
  3 chaos spawn (Lair:5)
  Grum (D:8)
  Edmund (D:4)
  A hell hound (Gauntlet)
  An acid dragon (D:10)
  8 water moccasins
  4 orc warriors
  2 black bears
  2 ice beasts (D:6)
  14 wolves
  A boggart (Gauntlet)
  2 centaurs (D:10)
  9 ogres
  The ghost of Tollund the Trooper, an amateur VSFi (D:3)
  7 bullfrogs
  7 small abominations (Lair:5)
  11 wights
  7 killer bees (D:9)
  A howler monkey (D:7)
  An electric eel (Lair:5)
  2 bombardier beetles
  A lava snake (Lair:3)
  A jelly (D:6)
  2 orc priests (Orc:2)
  2 hounds
  A sleepcap (D:4)
  2 iguanas (D:4)
  3 orc wizards
  12 gnolls
  8 adders
  An ufetubus (D:7)
  2 dart slugs
  6 orcs
  9 ball pythons
  8 bats
  10 endoplasms
  3 giant cockroaches
  8 goblins
  7 hobgoblins
  3 jackals (D:3)
  5 quokkas
  4 frilled lizards
  12 kobolds
  8 rats
320 creatures vanquished.

Vanquished Creatures (collateral kills)
  A hydra (Lair:4)
  An ogre mage (Orc:2)
  11 two-headed ogres
  A thrashing horror (Lair:5)
  A lindwurm (Lair:3)
  A salamander (Lair:3)
  A worldbinder (Gauntlet)
  An elephant (Lair:3)
  2 kobold blastminers (Orc:1)
  A black mamba (Lair:5)
  6 cane toads
  An ice devil (Lair:4)
  6 komodo dragons
  A red devil (Lair:4)
  A troll (D:10)
  A polar bear (Lair:4)
  2 blink frogs
  A vampire (D:10)
  A shadow (D:10)
  16 yaks
  3 fire bats (Gauntlet)
  A steam dragon (D:8)
  A basilisk (Lair:4)
  4 wargs
  2 hell hounds (Gauntlet)
  6 water moccasins
  10 orc warriors
  A black bear (D:5)
  3 wolves
  13 ogres
  A boggart (Gauntlet)
  7 bullfrogs
  8 wights
  3 killer bees (D:9)
  3 electric eels (Lair:5)
  2 lava snakes (Lair:3)
  2 orc priests
  2 iguanas
  3 orc wizards
  A hell rat (D:9)
  2 white imps
  An ufetubus (D:7)
  5 orcs
141 creatures vanquished.

Vanquished Creatures (others)
  2 orc warlords (Orc:2)
  8 orc apostles
  3 orc knights (Orc:2)
  11 orc warriors
  An ogre (Orc:2)
  11 orc priests
  3 orc wizards
  21 orcs
  A kobold (D:4)
61 creatures vanquished.

Grand Total: 522 creatures vanquished

Notes
Turn   | Place    | Note
-------+----------+-------------------------------------------
     0 | D:1      | audacious124 the Mountain Dwarf Monk began the quest for
                  | the Orb.
     0 | D:1      | Reached XP level 1. HP: 19/19 MP: 1/1
   106 | D:1      | Reached XP level 2. HP: 26/26 MP: 2/2
   278 | D:1      | Reached skill level 4 in Maces & Flails
   463 | D:1      | Found Uboineihy's Jewellery Emporium.
   678 | D:2      | Reached XP level 3. HP: 31/31 MP: 3/3
   824 | D:2      | Noticed Sigmund
   833 | D:2      | Killed Sigmund
   834 | D:2      | Reached skill level 5 in Maces & Flails
   834 | D:2      | Reached skill level 1 in Armour
   834 | D:2      | Reached XP level 4. HP: 35/40 MP: 4/4
   834 | D:2      | Reached XP level 5. HP: 40/46 MP: 5/5
   944 | D:2      | Reached skill level 6 in Maces & Flails
   961 | D:2      | Found a faded altar of an unknown god.
  1468 | D:3      | Found an ornate altar of the Wu Jian Council.
  1681 | D:3      | Became a worshipper of Beogh the Shepherd
  1681 | D:3      | Reached * piety under Beogh
  1681 | D:3      | Reached ** piety under Beogh
  1689 | D:3      | Found Ahatry's Distillery.
  1708 | D:3      | Reached XP level 6. HP: 51/53 MP: 6/6
  1822 | D:3      | Found a runed translucent door.
  1822 | D:3      | Noticed Tollund's ghost (amateur VSFi)
  1878 | D:3      | Found a glowing drain.
  2333 | D:3      | Killed Tollund's ghost
  2402 | D:4      | Found Rubbic's Distillery.
  2468 | D:4      | Reached skill level 7 in Maces & Flails
  2719 | D:4      | Noticed Edmund
  2741 | D:4      | Killed Edmund
  2742 | D:4      | Reached skill level 5 in Fighting
  2742 | D:4      | Reached XP level 7. HP: 28/57 MP: 7/7
  2984 | D:4      | Reached *** piety under Beogh
  2985 | D:4      | Reached skill level 8 in Maces & Flails
  3000 | D:4      | Noticed Morguth
  3029 | D:4      | Anointed Morguth the warrior as your apostle
  3479 | D:4      | Found an iron altar of Okawaru.
  3596 | D:4      | Found a bloodstained altar of Trog.
  3660 | D:5      | Entered Level 5 of the Dungeon
  3765 | D:5      | Found Luaxeich's Weapon Shop.
  4147 | D:5      | Reached skill level 9 in Maces & Flails
  4420 | D:6      | Reached XP level 8. HP: 26/70 MP: 8/8
  4666 | D:6      | Reached skill level 10 in Maces & Flails
  4853 | D:6      | Reached skill level 11 in Maces & Flails
  4853 | D:6      | Reached XP level 9. HP: 76/78 MP: 9/9
  5271 | D:6      | Noticed Eustachio
  5286 | D:6      | Killed Eustachio
  5287 | D:6      | Reached skill level 5 in Dodging
  5492 | D:7      | Reached skill level 12 in Maces & Flails
  5510 | D:7      | Noticed Bogward
  5522 | D:7      | Anointed Bogward the priest as your apostle
  5889 | D:7      | Found a glowing silver altar of Zin.
  6088 | D:7      | Reached **** piety under Beogh
  6246 | D:7      | Reached skill level 13 in Maces & Flails
  6258 | D:7      | Reached XP level 10. HP: 43/88 MP: 10/10
  6556 | D:7      | Found a staircase to the Ecumenical Temple.
  6746 | D:8      | Noticed Grum
  6756 | D:8      | Killed Grum
  6955 | D:8      | Found Tuenk's Self-Published Books.
  7776 | D:9      | Noticed a cane toad
  7780 | D:9      | Noticed a cane toad
  7786 | D:9      | Reached skill level 1 in Invocations
  7790 | D:9      | Reached skill level 14 in Maces & Flails
  7802 | D:9      | Killed a cane toad
  7807 | D:9      | Killed a cane toad
  7950 | D:9      | Found a staircase to the Lair.
  7970 | D:9      | Noticed a two-headed ogre
  7976 | D:9      | Killed a two-headed ogre
  8283 | D:9      | Reached XP level 11. HP: 99/99 MP: 11/11
  8293 | D:9      | Reached ***** piety under Beogh
  9087 | D:10     | Entered Level 10 of the Dungeon
  9217 | D:10     | Noticed a two-headed ogre
  9225 | D:10     | Killed a two-headed ogre
  9226 | D:10     | Reached skill level 10 in Fighting
  9226 | D:10     | Reached skill level 15 in Maces & Flails
  9442 | D:10     | Found a staircase to the Orcish Mines.
  9459 | D:10     | Noticed Bogdar
  9480 | D:10     | Anointed Bogdar the warrior as your apostle
  9979 | D:10     | Reached skill level 5 in Armour
 10240 | Lair:1   | Entered Level 1 of the Lair of Beasts
 11233 | Lair:2   | Upgraded the game from 0.32-a0-540-g866d13106e to
                  | 0.32-a0-560-g4c7f4391e0
 11644 | Lair:2   | Identified the +3 ring mail of Kiwurinu {rPois Will++}
 11688 | Lair:2   | Noticed jamsaran's ghost (journeyman DgAl)
 11689 | Lair:2   | Found a transporter.
 11690 | Lair:2   | Found a transporter.
 12060 | D:1      | Bought the ring of Ribbunk {rElec rF+ Str+2} for 475 gold
                  | pieces
 12286 | Lair:2   | Reached skill level 16 in Maces & Flails
 12318 | Lair:2   | Reached XP level 12. HP: 108/111 MP: 13/13
 12329 | Lair:2   | Your ally Bogdar died
 12412 | Lair:2   | Noticed a four-headed hydra
 12419 | Lair:2   | Killed a five-headed hydra
 12694 | Lair:3   | Noticed a six-headed hydra
 12697 | Lair:3   | Noticed Pooter's ghost (journeyman MiBe)
 12717 | Lair:3   | Noticed a death yak
 12763 | Lair:3   | Found a transporter.
 12766 | Lair:3   | Found a transporter.
 12970 | Lair:3   | Found a staircase to the Snake Pit.
 13152 | Lair:3   | Found a staircase to the Shoals.
 13229 | Lair:3   | Noticed a boulder beetle
 13243 | Lair:3   | Killed a boulder beetle
 14370 | Lair:4   | Noticed a five-headed hydra
 14379 | Lair:4   | Killed a five-headed hydra
 14389 | Lair:4   | Noticed an eight-headed hydra
 14397 | Lair:4   | Killed an eight-headed hydra
 14398 | Lair:4   | Reached XP level 13. HP: 71/122 MP: 14/14
 14659 | Lair:4   | Reached ****** piety under Beogh
 14877 | Lair:4   | Noticed Gorm
 14886 | Lair:4   | Your ally Bogward died
 15094 | Lair:4   | Identified a scroll of acquirement
 15095 | Lair:4   | Acquired a +1 kite shield of protection
 15332 | Lair:4   | Found a viscous altar of Jiyva.
 15332 | Lair:4   | Found a staircase to the Slime Pits.
 15509 | Lair:5   | Entered Level 5 of the Lair of Beasts
 15543 | Lair:5   | Reached skill level 17 in Maces & Flails
 15543 | Lair:5   | Reached skill level 1 in Shields
 15685 | Lair:5   | Identified the +1 leather armour "Arair" {Dex+2}
 15691 | Lair:5   | Found a gate leading to a gauntlet.
 15736 | Gauntlet | Entered a Gauntlet
 15736 | Gauntlet | Found a transporter.
 15736 | Gauntlet | Found a runed translucent door.
 15736 | Gauntlet | Found a transporter.
 15750 | Gauntlet | Found a transporter.
 15752 | Gauntlet | Found a transporter.
 15762 | Gauntlet | Found a transporter.
 15764 | Gauntlet | Found a transporter.
 15772 | Gauntlet | Found a transporter.
 15793 | Gauntlet | Found a transporter.
 15795 | Gauntlet | Found the necklace of Bloodlust {Fury *Rage Will++ Int-3
                  | Slay+6}
 15813 | Gauntlet | Found a transporter.
 15814 | Gauntlet | Found a transporter.
 15822 | Gauntlet | Found a transporter.
 15826 | Gauntlet | Found a transporter.
 15830 | Gauntlet | Found a runed translucent door.
 15848 | Gauntlet | Found a runed translucent door.
 16047 | Gauntlet | Identified the +1 cloak of Indemnity {rElec rF- Int+4
                  | Stlth+}
 16192 | Gauntlet | Noticed a minotaur
 16201 | Gauntlet | Your ally Morguth died
 16202 | Gauntlet | Your ally Bogward died
 16205 | Gauntlet | Your ally Bogdar died
 16226 | Gauntlet | Killed a minotaur
 16425 | Gauntlet | Identified the serpent talisman of the Bequeathed God
                  | {rF++}
 16964 | Lair:5   | Noticed Josephine
 16988 | Lair:5   | Killed Josephine
 17020 | Lair:5   | Reached skill level 5 in Shields
 17318 | Lair:5   | Reached skill level 5 in Invocations
 18226 | Lair:5   | Reached XP level 14. HP: 79/132 MP: 18/18
 18390 | Lair:5   | Found a corrupted altar of Lugonu.
 18390 | Lair:5   | Found a one-way gate to the infinite horrors of the Abyss.
 18886 | Orc:1    | Entered Level 1 of the Orcish Mines
 18925 | Orc:2    | Entered Level 2 of the Orcish Mines
 19031 | Orc:1    | Noticed an orc warlord
 19048 | Orc:1    | Your ally Bogdar died
 19053 | Orc:1    | Killed an orc warlord
 19504 | Orc:2    | Your ally Morguth died
 19513 | Orc:2    | Your ally Bogward died
 19575 | Orc:2    | HP: 6/132 [two-headed ogre/+0 giant club (24)]
 19575 | Orc:2    | HP: 2/132 [ogre/+0 giant spiked club (4)]
 19634 | Orc:2    | Reached skill level 10 in Shields
 20020 | Orc:2    | Gained mutation: Your body sometimes deteriorates upon
                  | taking damage. [potion of mutation]
 20020 | Orc:2    | Gained mutation: You occasionally lose the ability to drink
                  | potions when taking damage. [potion of mutation]
 20021 | Orc:2    | Lost mutation: You occasionally lose the ability to drink
                  | potions when taking damage. [potion of mutation]
 20021 | Orc:2    | Lost mutation: Your body sometimes deteriorates upon taking
                  | damage. [potion of mutation]
 20021 | Orc:2    | Gained mutation: Your body sometimes deteriorates upon
                  | taking damage. [potion of mutation]
 20021 | Orc:2    | Gained mutation: You occasionally lose the ability to read
                  | scrolls when taking damage. [potion of mutation]
 20021 | Orc:2    | Gained mutation: You have sharp toenails. [potion of
                  | mutation]
 20022 | Orc:2    | Lost mutation: You have sharp toenails. [potion of
                  | mutation]
 20022 | Orc:2    | Lost mutation: Your body sometimes deteriorates upon taking
                  | damage. [potion of mutation]
 20022 | Orc:2    | Gained mutation: You are vulnerable to cold. (rC-) [potion
                  | of mutation]
 20022 | Orc:2    | Gained mutation: You have an increased reservoir of magic.
                  | (+10% MP) [potion of mutation]
 20022 | Orc:2    | Lost mutation: You occasionally lose the ability to read
                  | scrolls when taking damage. [potion of mutation]
 20022 | Orc:2    | Gained mutation: You are agile. (Dex +4, Str/Int -1)
                  | [potion of mutation]
 20023 | Orc:2    | Lost mutation: You are vulnerable to cold. (rC-) [potion of
                  | mutation]
 20023 | Orc:2    | Lost mutation: You are agile. (Dex +4, Str/Int -1) [potion
                  | of mutation]
 20023 | Orc:2    | Lost mutation: You have an increased reservoir of magic.
                  | (+10% MP) [potion of mutation]
 20023 | Orc:2    | Gained mutation: You are partially covered in iridescent
                  | scales. (AC +2) [potion of mutation]
 20097 | Orc:2    | HP: 6/133 [Orcesus the orc apostle/+2 dire flail of holy
                  | wrath (15)]
 20114 | Orc:2    | Slain by Orcesus the orc apostle

Illustrated notes

Levels and vault maps discovered:
D:1:      ebering_trefoil_twist, layout_basic, serial_shops,
          nicolae_shop_pleasant_corner_grove
D:2:      layout_basic, chequers_ecumenical_altar_simple_redux,
          serial_bayou_lake_a, uniq_sigmund
D:3:      layout_loops_ring, nicolae_wu_jian_wuxing_cycle,
          mainiacjoe_sewer_entry_somewhere_in_here_2, serial_shops, shop,
          hellmonk_ghost_happy_afterlife
D:4:      layout_basic, kennysheep_little_box, mainiacjoe_overflow_alcove_4,
          serial_shops, nicolae_shop_crystal, uniq_edmund
D:5:      layout_basic, serial_shops, shop
D:6:      layout_basic, serial_corexii_hall, corexii_hall_statues_u,
          chequers_hall_statues_y, uniq_eustachio
D:7:      layout_loops_ring, zin_academy, minmay_temple_entry_enclosed_plants
D:8:      layout_rooms, nicolae_custom_books, uniq_grum
D:9:      layout_basic, dpeg_lair_monsters
D:10:     layout_stronghold, david_orc_3
Lair:1:   layout_cave_pods
Lair:2:   layout_regular_city, gammafunk_ghost_hive
Lair:3:   layout_roguey, nicolae_shoals_entry_roost,
          nicolae_snake_entry_warm_welcome, nicolae_volcano_entry_vermiform,
          nzn_ghost_randoct, hangedman_lair_generics_rect
Lair:4:   layout_roguey, minmay_slime_entry_oklob_enclosed,
          serial_bayou_crossing
Lair:5:   hellmonk_lair_end_abyssal_woods, layout_concentric_octagons,
          serial_bayou, serial_bayou_ford_a, serial_bayou_pond_d,
          serial_bayou_lagoon_b, serial_bayou_shore_b, serial_bayou_shore_a,
          gauntlet_entry_generic, lemuel_fruit_fields, uniq_josephine
Orc:1:    layout_diamond_mine
Orc:2:    st_orc_ogre_mass, layout_diamond_mine

Skill      XL: |  1  2  3  4  5  6  7  8  9 10 11 12 13 14 |
---------------+-------------------------------------------+-----
Maces & Flails | 4 5 6 7 9 11 13 14 16 17 | 17.0
Fighting       | 4 5 6 8 9 11 13 14 | 14.3
Armour         | 1 2 4 5 7 8 |  8.8
Dodging        | 3 4 5 7 8 9 |  9.5
Invocations    | 1 5 6 |  6.9
Shields        | 7 10 | 10.2

Action                     |  1- 3 |  4- 6 |  7- 9 | 10-12 | 13-15 || total
---------------------------+-------+-------+-------+-------+-------++-------
  Melee: Mace              |    74 |   175 |    60 |   385 |   690 ||  1384
         Flail             |       |       |   152 |       |       ||   152
 Invoke: Convert to Beogh  |       |     1 |       |       |       ||     1
         Recruit Apostle   |       |       |     2 |     1 |       ||     3
         Recall Apostles   |       |       |       |     2 |     2 ||     4
         Smiting           |       |       |       |       |     3 ||     3
         Blood for Blood   |       |       |       |       |     1 ||     1
    Use: Scroll            |     5 |     8 |     3 |    11 |    10 ||    37
         Potion            |     1 |       |     4 |       |    20 ||    25
   Stab: Distracted        |       |       |     1 |     7 |       ||     8
         Invisible         |       |       |       |       |     2 ||     2
 Armour: Robe              |    12 |    93 |    81 |       |       ||   186
         Ring mail         |    36 |       |       |    98 |   457 ||   591
         Leather armour    |       |       |    42 |     6 |       ||    48
         Steam dragon scal |       |       |       |   118 |       ||   118
  Dodge: Dodged            |    55 |   105 |   120 |   238 |   348 ||   866
  Block: Kite shield       |       |       |       |       |   477 ||   477

Table legend: (Time is in decaauts)
 A = Elapsed time spent in this place.
 B = Non-inter-level travel time spent in this place.
 C = Inter-level travel time spent in this place.
 D = Time resting spent in this place.
 E = Time spent auto-exploring this place.
 F = Levels seen in this place.
 G = Mean time per level.
                   A        B        C        D        E       F      G
               +--------+--------+--------+--------+--------+-----+--------+
         Total |  19951 |  18866 |   1085 |     34 |  15759 |  18 | 1108.4 |
       Dungeon |  10681 |   9865 |    816 |      0 |   8483 |  10 | 1068.1 |
          Lair |   7336 |   7109 |    227 |      0 |   5982 |   5 | 1467.2 |
  Orcish Mines |   1180 |   1140 |     40 |     34 |    745 |   2 |  590.0 |
      Gauntlet |    753 |    753 |      0 |      0 |    549 |   1 |  753.0 |
               +--------+--------+--------+--------+--------+-----+--------+

Top non-repeatable levels by time:
  Lair:5: 2461 daAuts
     D:9: 1681 daAuts
  Lair:3: 1452 daAuts
  Lair:4: 1347 daAuts
     D:4: 1309 daAuts
     D:7: 1301 daAuts
    D:10: 1156 daAuts
     D:6: 1106 daAuts
  Lair:2: 1056 daAuts
  Lair:1: 1019 daAuts
     D:3: 1011 daAuts
     D:2: 847 daAuts
     D:8: 825 daAuts
Gauntlet: 753 daAuts
     D:5: 725 daAuts
